 Dungeon Crawl Stone Soup version 0.28-a0-664-gc179e30c89 (webtiles) character file.

Game seed: 3294595507756862756

63 Woods the Scratcher (level 3, -9/17 HPs)
             Began as a Felid Transmuter on Oct 17, 2021.
             Killed by divine providence
             ... invoked by an orc priest
              (11 damage)
             ... on level 3 of the Dungeon.
             The game lasted 00:06:33 (5210 turns).

Woods the Scratcher (Felid Transmuter)              Turns: 5210, Time: 00:06:35

Health: -9/17      AC:  1    Str:  6    XL:     3   Next: 87%
Magic:  6/7        EV: 17    Int: 15    God:
Gold:   167        SH:  0    Dex: 16    Spells: 0/6 levels left
                                        Lives:  0   Deaths: 1

rFire   . . .      SeeInvis +     - Unarmed
rCold   . . .      Faith    .   (shield unavailable)
rNeg    . . .      Spirit   .   (armour unavailable)
rPois   .          Reflect  .   (helmet unavailable)
rElec   .          Harm     .   (cloak unavailable)
rCorr   .          Rampage  .   (gloves unavailable)
Will    .....                   (boots unavailable)
Stlth   +.........              (no amulet)
HPRegen 0.05/turn               (no ring)
MPRegen 0.10/turn               (no ring)

@: appendages (expiring), quick
A: horns 2, very small, claws 1, fangs 3, see invisible, speed 1, shaggy fur 1,
stealthy paws, no weapons or thrown items, no armour, multi-lived
a: End Transformation


You were on level 3 of the Dungeon.
You had temporarily grown beastly horns.
You visited 1 branch of the dungeon, and saw 4 of its levels.

You collected 167 gold pieces.

Inventory:

Jewellery
 j - an amulet of faith
Wands
 e - a wand of acid (10)
Scrolls
 a - a scroll of immolation {unknown}
 c - 2 scrolls of teleportation {unknown}
 f - 3 scrolls of identify {unknown}
 g - a scroll of enchant weapon {unknown}
 i - a scroll of fog {unknown}
Potions
 b - 3 potions of ambrosia {unknown}
 d - 3 potions of curing {unknown}
 h - a potion of heal wounds {unknown}


   Skills:
 + Level 3.2 Fighting
 - Level 2.6 Dodging
 + Level 4.4 Unarmed Combat
 - Level 2.0 Spellcasting
 - Level 2.1 Transmutations


You couldn't memorise any spells.
You knew the following spells:

 Your Spells              Type           Power      Damage    Failure   Level
a - Beastly Appendage     Tmut           16%        N/A       9%          1
b - Wereblood             Tmut           8%         N/A       14%         2
c - Spider Form           Tmut/Pois      2%         N/A       38%         3

Your spell library contained the following spells:

 Spells                   Type           Power      Damage    Failure   Level
 Magic Dart               Conj           4%         1d3       22%         1
 Searing Ray              Conj           2%         2d4       32%         2
 Gell's Gravitas          Tloc           0%         N/A       54%         3
 Lesser Beckoning         Tloc           1%         N/A       54%         3
 Teleport Other           Tloc           1%         N/A       54%         3
 Ice Form                 Ice/Tmut       4%         N/A       80%         4
 Fulminant Prism          Conj/Hex       0%         3d6       91%         4


Dungeon Overview and Level Annotations

Branches:
Dungeon (4/15)             Temple (0/1) D:4

Altars:

Annotations:
D:4 Edmund


Innate Abilities, Weirdness & Mutations

You have temporarily grown beastly horns.
You have sharp claws.
You have razor-sharp teeth.
You have supernaturally acute eyesight. (SInv)
You cover ground quickly. (Speed+)
You are covered in fur. (AC +1)
Your paws help you pounce on unaware monsters.
You are incapable of wielding weapons or throwing items.
You cannot wear armour.
You gain extra lives every three experience levels.


Message History

Your horns disappear.
You see here 21 stones.
There is a stone staircase leading down here.
You start resting.
HP restored.
There is a stone staircase leading down here.
You climb downwards.
Level annotation: Edmund The orc misses you.
There is a stone staircase leading up here.
Casting: Beastly Appendage (safe; 9% risk of failure)
Confirm with . or Enter, or press ? or * to list all spells.
You grow a pair of large bovine horns.
The orc closely misses you.
You scratch the orc priest.
You headbutt the orc priest, but do no damage.
The orc priest is lightly wounded.
The orc priest hits you with a +0 dagger.
You scratch the orc priest but do no damage.
You headbutt the orc priest, but do no damage.
You bite the orc priest.
The orc priest is moderately wounded.
Your transformation is almost over.
The orc hits you with a +0 flail!
Ouch! That really hurt!
The orc priest hits you with a +0 dagger.
* * * LOW HITPOINT WARNING * * *
The orc misses you. The orc priest misses you.
You climb upwards.
There is a stone staircase leading down here.
You closely miss the orc priest.
The orc priest is moderately wounded.
The orc closely misses you. The orc priest barely misses you.
You barely miss the orc priest.
You headbutt the orc priest, but do no damage.
The orc priest is moderately wounded.
The orc completely misses you.
The orc priest invokes the aid of Beogh against you.
Beogh smites you!
Ouch! That really hurt!
You die...

#########........##.#.....#.#
...........#####.#....###.#.#
#########.## ##.#....# #...#
#.#####...[...###.###
#...........#.....#
#######...#.###.###
######.##.# #.#
#####...##o##.###.#######
#........o@##.##........#
#####
#.......#####..#...####.#
....# #..................#
#.# ###.#
#......#######<#...# #.# #.#
#......# #.##.## #.# #.#
###.##.## #.##.# #.# #.##
#.....######.##.# #.# #..#
####.........##.# #.# ####.#
##........##.#####.#


You could see an orc priest and an orc.

Vanquished Creatures
  A gnoll (D:3)
  An adder (D:3)
  2 worms (D:2)
  A dart slug (D:2)
  10 orcs
  4 endoplasms
  A giant cockroach (D:3)
  6 goblins
  8 hobgoblins
  6 jackals
  7 kobolds
  5 quokkas
  6 ball pythons
  7 bats
  4 frilled lizards
  4 rats
73 creatures vanquished.

Notes
Turn   | Place    | Note
-------+----------+-------------------------------------------
     0 | D:1      | Woods the Felid Transmuter began the quest for the Orb.
     0 | D:1      | Reached XP level 1. HP: 9/9 MP: 4/4
   132 | D:1      | Reached XP level 2. HP: 9/12 MP: 4/6
   771 | D:1      | Found a faded altar of an unknown god.
  1228 | D:2      | Learned a level 2 spell: Wereblood
  1706 | D:2      | Reached XP level 3. HP: 16/16 MP: 5/7
  2511 | D:2      | Learned a level 3 spell: Spider Form
  2692 | D:3      | Reached skill level 4 in Unarmed Combat
  3164 | D:3      | Reached XP level 4. HP: 19/20 MP: 6/8
  4180 | D:4      | Found a staircase to the Ecumenical Temple.
  4196 | D:4      | Splashed by a jelly's acid
  4197 | D:4      | Reached XP level 3. HP: 0/17 MP: 7/7
  4424 | D:4      | Noticed a necrophage
  4443 | D:4      | Noticed Edmund
  4483 | D:4      | Noticed an ogre
  5210 | D:3      | Killed from afar by an orc priest

Illustrated notes

Levels and vault maps discovered:
D:1:      scummos_arrival_checkerplants, layout_basic,
          shapermc_ecumenical_altar_ellora
D:2:      layout_loops_corners
D:3:      layout_loops_ring
D:4:      layout_loops_ring, temple_fountains, uniq_edmund, uniq_grinder

Skill      XL: |  1  2  3  4 |
---------------+-------------+-----
Fighting       | 2 3 |  3.2
Unarmed Combat | 4 |  4.4
Dodging        | |  2.6
Spellcasting   | |  2.0
Transmutations | |  2.1

Action                   |  1- 3 |  4- 6 || total
-------------------------+-------+-------++-------
Melee: Unarmed           |   169 |    32 ||   201
       Headbutt          |    20 |     5 ||    25
       Bite              |    14 |     1 ||    15
       Punch             |     5 |     1 ||     6
 Cast: Beastly Appendage |    36 |    11 ||    47
 Stab: Sleeping          |     3 |     2 ||     5
Armor: Skin              |     9 |       ||     9
Dodge: Dodged            |   137 |    32 ||   169

Table legend: (Time is in decaauts)
 A = Elapsed time spent in this place.
 B = Non-inter-level travel time spent in this place.
 C = Inter-level travel time spent in this place.
 D = Time resting spent in this place.
 E = Time spent auto-exploring this place.
 F = Levels seen in this place.
 G = Mean time per level.
                   A        B        C        D        E       F      G
               +--------+--------+--------+--------+--------+-----+--------+
         Total |   4683 |   4564 |    119 |   1128 |   2627 |   4 | 1170.8 |
       Dungeon |   4683 |   4564 |    119 |   1128 |   2627 |   4 | 1170.8 |
               +--------+--------+--------+--------+--------+-----+--------+

Top non-repeatable levels by time:
     D:3: 1632 daAuts
     D:2: 1569 daAuts
     D:1: 961 daAuts
     D:4: 520 daAuts
